Map: Dusk Towers

Players

Fropez - Winner!

  • Race: Protoss Protoss
  • League: Silver
  • Spawn Location: 7:00

DarKsTAr

  • Race: Protoss Protoss
  • League: Silver
  • Spawn Location: 1:00

VOD

Have the link to the VOD?

Description

Time

  • Played on: April 11, 2016, 3:19 p.m.
  • Length: 17:52
Show
View Real Time Build Order
Export as new Build Order

Fropez Protoss - Winner!

Build Orders:  

Get SALT Encoding   

  12  0:01  Probe (Chrono Boost)  
  13  0:17  Pylon  
  13  0:22  Probe (Chrono Boost)  
  14  0:32  Probe (Chrono Boost)  
  15  0:40  Gateway  
  15  0:43  Pylon  
  15  0:48  Probe (Chrono Boost)  
  16  1:00  Probe (Chrono Boost)  
  17  1:11  Probe (Chrono Boost)  
  17  1:23  Probe (Chrono Boost)  
  17  1:28  Zealot  
  19  1:40  Probe (Chrono Boost)  
  19  1:54  Probe (Chrono Boost)  
  20  1:57  Nexus  
  20  1:59  Pylon  
  20  2:04  Probe (Chrono Boost)  
  20  2:06  Assimilator  
  21  2:10  Assimilator  
  21  2:15  Probe (Chrono Boost)  
  22  2:25  Probe (Chrono Boost)  
  23  2:36  Probe (Chrono Boost)  
  24  2:38  Zealot  
  24  2:41  Pylon  
  26  2:46  Probe (Chrono Boost)  
  27  2:52  Cybernetics Core  
  27  2:57  Probe (Chrono Boost)  
  28  3:06  Pylon  
  28  3:07  Probe (Chrono Boost)  
  29  3:13  Pylon  
  29  3:15  Probe (Chrono Boost)  
  29  3:18  Probe (Chrono Boost)  
  31  3:26  Probe (Chrono Boost)  
  32  3:28  Warp Gate  
  32  3:40  Probe (Chrono Boost)  
  32  3:41  Probe (Chrono Boost)  
  34  3:43  Pylon  
  34  3:50  Assimilator  
  34  3:52  Mothership Core (Chrono Boost)  
  34  3:54  Probe (Chrono Boost)  
  34  3:55  Assimilator  
  37  4:01  Stalker  
  39  4:05  Probe (Chrono Boost)  
  40  4:12  Probe (Chrono Boost)  
  40  4:13  Twilight Council  
  41  4:20  Probe (Chrono Boost)  
  43  4:24  Probe (Chrono Boost)  
  43  4:31  Probe (Chrono Boost)  
  44  4:33  Gateway, Stalker  
  44  4:35  Probe (Chrono Boost)  
  47  4:41  Probe (Chrono Boost)  
  47  4:45  Probe (Chrono Boost)  
  49  4:50  Gateway  
  49  4:52  Probe (Chrono Boost)  
  50  4:56  Probe (Chrono Boost)  
  50  4:57  Blink (Chrono Boost)  
  51  5:03  Probe (Chrono Boost)  
  52  5:08  Stalker  
  54  5:19  Probe (Chrono Boost)  
  54  5:20  Gateway  
  56  5:21  Probe (Chrono Boost)  
  56  5:24  Gateway  
  56  5:40  Probe  
  56  5:42  Pylon  
  57  5:43  Stalker  
  59  6:03  Pylon  
  59  6:06  Stalker x3  
  65  6:17  Probe  
  66  6:22  Nexus  
  62  6:26  Assimilator  
  62  6:30  Assimilator  
  62  6:32  Stalker x3  
  66  6:34  Pylon x2  
  66  6:53  Probe  
  66  6:54  Probe  
  68  7:03  Stalker x3  
  68  7:08  Probe  
  74  7:09  Probe  
  76  7:18  Probe  
  76  7:19  Pylon  
  76  7:21  Probe  
  78  7:24  Stalker x2  
  80  7:40  Stalker x3  
  80  7:41  Pylon  
  80  7:42  Probe x2  
  80  7:43  Probe  
  89  7:51  Stalker x2  
  93  7:59  Robotics Facility  
  93  8:00  Gateway  
  93  8:03  Pylon, Gateway  
  93  8:10  Templar Archives  
  93  8:18  Probe x2  
  93  8:19  Probe  
  95  8:21  Forge  
  95  8:22  Pylon  
  95  8:25  Pylon  
  96  8:37  Probe  
  96  8:38  Probe  
  96  8:40  Probe  
  98  8:43  Nexus  
  98  8:47  Pylon  
  98  8:48  Probe  
  99  8:51  Pylon, Psionic Storm  
  100  8:56  Charge (Chrono Boost)  
  100  9:00  Protoss Ground Weapons Level 1 (Chrono Boost)  
  100  9:02  Pylon  
  100  9:07  Forge  
  100  9:08  Forge, Stalker  
  102  9:18  Assimilator  
  102  9:23  Assimilator  
  102  9:26  Photon Cannon  
  98  9:41  Photon Cannon  
  98  9:44  Observer  
  99  9:52  High Templar x3  
  103  9:53  High Templar x4  
  113  10:00  Pylon  
  113  10:05  Observer, Probe  
  113  10:06  Probe  
  116  10:08  Protoss Shields Level 1 (Chrono Boost), Protoss Ground Armor Level 1 (Chrono Boost)  
  116  10:11  Probe  
  116  10:12  Probe  
  118  10:27  Observer  
  119  10:33  Stalker x7  
  133  10:48  Observer  
  134  10:51  Pylon x2  
  131  11:12  High Templar  
  131  11:13  High Templar x6  
  145  11:19  Protoss Ground Weapons Level 2 (Chrono Boost)  
  145  11:20  Observer  
  145  11:38  Nexus  
  145  11:41  Observer  
  145  11:43  Probe x3, Assimilator  
  145  11:44  Probe  
  150  11:47  Assimilator  
  150  11:50  Pylon, Gateway  
  150  11:52  Pylon, Gateway  
  149  11:55  Gateway  
  149  11:56  Gateway  
  149  11:57  Pylon  
  149  11:59  Gateway  
  149  12:00  Pylon  
  149  12:01  High Templar x2, Gateway  
  149  12:02  High Templar x5, Observer  
  164  12:10  Pylon  
  158  12:24  Observer  
  159  12:43  Probe  
  159  12:44  Probe x3  
  162  12:48  Zealot x5  
  162  12:49  Zealot x2  
  176  12:51  Pylon  
  176  12:55  Pylon, Probe, Protoss Shields Level 2 (Chrono Boost), Protoss Ground Armor Level 2 (Chrono Boost)  
  176  12:58  Pylon  
  130  13:17  Stalker x6  
  108  13:37  Gateway  
  108  13:40  Gateway  
  108  13:41  Gateway  
  108  13:42  Probe  
  108  13:43  Probe x4  
  108  13:44  Gateway  
  108  13:46  High Templar x3  
  108  13:47  High Templar x5, Gateway  
  108  13:48  High Templar x5  
  132  13:51  Archon x2  
  132  13:52  Archon x3  
  132  13:53  Archon  
  132  13:55  Probe x3  
  133  13:59  Gateway  
  133  14:01  Gateway  
  131  14:08  Archon  
  119  14:27  Zealot x2  
  119  14:28  Zealot x4  
  119  14:29  Zealot x6  
  119  14:30  Zealot  
  119  14:31  Pylon  
  141  14:49  Photon Cannon  
  141  14:50  Photon Cannon  
  139  14:57  Stalker  
  139  14:58  Stalker x5  
  139  14:59  Stalker  
  153  15:00  Stalker  
  153  15:01  Stalker x3  
  153  15:02  Stalker x3  
  153  15:03  Stalker x2  
  153  15:05  Stalker x2  
  175  15:11  Protoss Ground Weapons Level 3 (Chrono Boost), Protoss Ground Armor Level 3 (Chrono Boost), Protoss Shields Level 3 (Chrono Boost)  
  175  15:25  Stalker x2  
  175  15:26  Stalker x5  
  175  15:27  Stalker  
  175  15:28  Stalker x2  
  187  15:29  Stalker  
  143  15:59  Zealot x6  
  143  16:00  Zealot x6  
  143  16:01  Zealot x3  
  167  16:16  Zealot x2  
  139  16:51  Stalker x5  
  139  16:52  Stalker x6  
  139  16:53  Stalker x3  
  145  17:14  Zealot  
  133  17:27  Zealot x2  
Show
View Real Time Build Order
Export as new Build Order

DarKsTAr Protoss 

Build Orders:  

Get SALT Encoding   

  12  0:01  Probe (Chrono Boost)  
  13  0:13  Probe (Chrono Boost)  
  14  0:19  Pylon  
  14  0:23  Probe (Chrono Boost)  
  15  0:37  Probe (Chrono Boost)  
  16  1:06  Nexus  
  16  1:14  Probe (Chrono Boost)  
  17  1:37  Gateway  
  17  1:38  Probe (Chrono Boost)  
  18  1:51  Assimilator  
  18  1:53  Assimilator  
  19  1:54  Probe (Chrono Boost)  
  19  2:05  Forge  
  19  2:11  Probe (Chrono Boost)  
  20  2:25  Probe (Chrono Boost)  
  20  2:27  Zealot  
  23  2:35  Probe (Chrono Boost)  
  24  2:37  Cybernetics Core  
  24  2:43  Pylon  
  24  2:46  Pylon  
  24  2:49  Probe (Chrono Boost)  
  25  2:59  Zealot  
  27  3:10  Probe (Chrono Boost)  
  27  3:11  Photon Cannon  
  29  3:19  Probe (Chrono Boost)  
  29  3:22  Assimilator  
  29  3:26  Probe (Chrono Boost), Assimilator  
  30  3:30  Mothership Core (Chrono Boost)  
  32  3:36  Probe (Chrono Boost)  
  32  3:38  Stargate  
  33  3:53  Probe (Chrono Boost), Protoss Air Weapons Level 1  
  34  3:58  Probe (Chrono Boost)  
  35  4:03  Probe (Chrono Boost)  
  35  4:08  Probe (Chrono Boost)  
  37  4:13  Pylon  
  37  4:14  Probe (Chrono Boost)  
  38  4:21  Void Ray (Chrono Boost)  
  42  4:30  Stargate  
  42  4:33  Probe x2 (Chrono Boost)  
  44  4:45  Probe x2  
  46  4:49  Pylon  
  46  4:57  Probe x2  
  48  5:04  Void Ray (Chrono Boost)  
  52  5:20  Pylon, Void Ray (Chrono Boost)  
  56  5:35  Nexus  
  56  5:43  Protoss Air Armor Level 1  
  56  5:44  Void Ray (Chrono Boost)  
  56  5:47  Probe x2  
  62  5:53  Pylon  
  62  6:10  Robotics Facility  
  58  6:52  Void Ray (Chrono Boost)  
  62  7:00  Observer  
  63  7:02  Probe x2  
  59  7:39  Adept  
  61  7:46  Mothership Core  
  63  8:00  Stargate  
  63  8:01  Void Ray (Chrono Boost)  
  63  8:04  Fleet Beacon  
  63  8:05  Void Ray (Chrono Boost)  
  71  8:06  Adept (Chrono Boost)  
  73  8:20  Pylon  
  73  8:26  Protoss Ground Weapons Level 1  
  73  8:27  Probe  
  73  8:31  Adept (Chrono Boost)  
  76  8:39  Probe x3  
  79  8:41  Void Ray  
  79  8:45  Void Ray  
  87  8:51  Probe x3  
  87  8:52  Tempest  
  94  9:04  Stargate  
  94  9:18  Tempest  
  94  9:19  Stargate  
  94  9:28  Tempest  
  102  9:35  Carrier  
  108  9:42  Assimilator  
  108  9:47  Assimilator  
  108  9:50  Pylon x2  
  108  9:53  Pylon  
  108  10:02  Void Ray  
  108  10:05  Pylon, Protoss Air Weapons Level 2 (Chrono Boost)  
  108  10:07  Pylon  
  108  10:08  Tempest  
  108  10:09  Zealot (Chrono Boost)  
  118  10:23  Tempest  
  118  10:24  Cybernetics Core  
  122  10:32  Probe, Zealot (Chrono Boost)  
  125  10:41  Tempest  
  129  10:44  Probe  
  129  10:47  Anion Pulse-Crystals  
  130  10:57  Zealot (Chrono Boost)  
  132  11:04  Protoss Air Armor Level 2 (Chrono Boost)  
  132  11:16  Tempest  
  132  11:21  Adept (Chrono Boost)  
  132  11:25  Void Ray  
  142  11:38  Probe  
  142  11:39  Probe  
  145  11:40  Probe  
  145  11:46  Adept  
  147  11:48  Pylon  
  147  11:49  Pylon  
  147  11:50  Pylon, Probe  
  147  11:54  Pylon  
  148  11:59  Observer  
  149  12:05  Carrier  
  149  12:06  Probe  
  149  12:07  Tempest  
  160  12:22  Carrier  
  160  12:24  Protoss Air Weapons Level 3 (Chrono Boost)  
  160  12:28  Pylon  
  160  12:29  Pylon  
  160  12:30  Pylon  
  160  12:31  Pylon  
  160  12:32  Pylon  
  160  12:34  Pylon  
  160  13:09  Carrier, Tempest x2  
  138  13:32  Void Ray  
  135  13:42  Tempest  
  125  13:58  Probe  
  126  14:10  Probe  
  126  14:14  Carrier, Tempest  
  137  14:18  Probe x2  
  137  14:22  Probe  
  140  14:34  Void Ray, Probe  
  145  14:46  Probe  
  126  15:41  Void Ray  
  126  15:42  Tempest  
  70  16:03  Zealot (Chrono Boost)  
  72  16:27  Adept (Chrono Boost)  
  32  17:30  Probe  
Tags
 
Matchup
PvP
Replay Pack
All Mines
Spawn Locations
Cross Positions
Add a new tag
Caveats
  • Supply blocks, unpowered buildings, or Contaminate may cause inaccurate times.
  • Supply counts are checked every 10 seconds.